 Dungeon Crawl Stone Soup version 0.30.0-30-g96aa6591b8 (webtiles) character file.

Game seed: 14121348229056992373

817 Sabo the Chopper (level 7, -3/49 (55) HPs)
             Began as a Demonspawn Monk on June 27, 2023.
             Slain by a wight
             ... wielding a +4 battleaxe of freezing
              (4 damage)
             ... on level 7 of the Dungeon.
             The game lasted 00:23:36 (5170 turns).

Sabo the Chopper (Demonspawn Monk)                  Turns: 5170, Time: 00:23:37

HP:   -3/49 (55)    AC: 11    Str: 14    XL:     7   Next: 62%
MP:   7/7           EV:  8    Int: 11    God:
Gold: 174           SH:  0    Dex: 21    Spells: 6/6 levels left

rFire   . . .        y - +2 war axe
rCold   . . .        d - orb {light}
rNeg    . . .        j - +0 chain mail
rPois   +            (no helmet)
rElec   .            C - scarf {repulsion}
rCorr   .            (no gloves)
SInv    .            (no boots)
Will    .....        (no amulet) Stlth
                     q - +6 ring of dexterity
HPRegen 0.28/turn    r - ring of poison resistance
MPRegen 0.10/turn

%: repel missiles
@: glowing, heavily drained
A: claws 1, spiny 1, sharp scales 2
a: no special abilities


You were on level 7 of the Dungeon.
You visited 1 branch of the dungeon, and saw 7 of its levels.
You also visited: Sewer.

You collected 174 gold pieces.

Inventory:

Hand Weapons
 m - a +3 short sword
 y - a +2 war axe (weapon)
 A - a +0 sling
Missiles
 s - a curare-tipped dart (quivered)
 u - 12 poisoned darts
Armour
 d - an orb of light (worn)
 j - a +0 chain mail (worn)
 z - a +0 plate armour
 C - a scarf of repulsion (worn)
Jewellery
 e - a ring of magical power
 f - a ring of positive energy
 o - a ring of flight
 q - a +6 ring of dexterity (left claw)
 r - a ring of poison resistance (right claw)
Wands
 n - a wand of flame (15)
Scrolls
 a - a scroll of magic mapping {unknown}
 g - a scroll of poison
 i - a scroll of fog {unknown}
 t - a scroll of fear
 x - a scroll of silence {unknown}
 B - a scroll of teleportation {unknown}
Potions
 b - a potion of cancellation {unknown}
 c - a potion of ambrosia
 h - 5 potions of curing
 p - a potion of degeneration {unknown}
 v - a potion of might {unknown}
 w - 2 potions of haste


   Skills:
 + Level 4.5 Fighting
 + Level 3.4 Short Blades
 + Level 4.9 Axes
 + Level 3.3 Armour
 + Level 3.4 Dodging
 + Level 1.1 Stealth


You had 6 spell levels left.
You didn't know any spells.
Your spell library contained the following spells:

 Spells                   Type           Power      Damage    Failure   Level
 Sting                    Tmut/Pois      0%         1d3       99%         1
 Poisonous Vapours        Pois/Air       0%         N/A       100%        2
 Olgreb's Toxic Radiance  Pois           0%         N/A       100%        4


Dungeon Overview and Level Annotations

Branches:
Dungeon (8/15)              Sewer (visited)
 Temple: D:4-7         Lair: D:8-11

Altars:
Ashenzari
Fedhas
Nemelex Xobeh

Annotations:
D:1 1 transporter


Innate Abilities, Weirdness & Mutations

You have sharp fingernails.
You are partially covered in sharp spines.
You are mostly covered in razor-sharp scales. (AC +2, Slay +2)


Message History

You start resting.
HP restored.
A bullfrog comes into view.
The bullfrog gives a loud, deep croak!
A wight comes into view.
It is wielding a +4 battleaxe of freezing.
You hit the bullfrog.
The bullfrog is lightly wounded.
The bullfrog hits you. The bullfrog closely misses you.
A wight comes into view.
It is wielding a +4 flail of freezing and wearing a +1 robe of willpower.
You slash the bullfrog!
The bullfrog is almost dead.
The bullfrog hits you.
The bullfrog snags a nearby fly with its tongue.
The bullfrog is struck by your spines.
You kill the bullfrog!
You see here a bullfrog corpse.
The wight is struck by your spines. The wight hits you but does no damage.
You slash the wight!
The wight is heavily damaged.
The wight is struck by your spines.
The wight hits you with a +4 battleaxe of freezing!
The wight freezes you.
You slash the wight!
The wight is severely damaged.
The wight hits you with a +4 flail of freezing!
You feel drained. The wight freezes you.
You barely miss the wight.
The wight is severely damaged.
The wight is struck by your spines.
The wight hits you with a +4 flail of freezing!
You feel drained. The wight freezes you.
You hit the wight.
You destroy the wight!
The wight is struck by your spines.
The wight hits you with a +4 battleaxe of freezing!
* * * LOW HITPOINT WARNING * * *
You feel drained.
* * * LOW HITPOINT WARNING * * *
The wight freezes you.
You die...

#. .. #.###.# ## .....##
.. ......# .. .. .....#
#.####. ### .....# #.
#⌠..#+ #...###.....# #..
#..... #...†###.#
#.#####....
.....##.z@.#####.#...#....
### ####.......+...+..._
#####.#..........
#.#.###.#....
#.#....#.....
#......#⌠.#.'
###..#.####.. ##......#..
##........


You could see a wight.

Vanquished Creatures
  Sigmund (D:2)
  A sky beast (D:7)
  3 kobold brigands (Sewer)
  2 bullfrogs
  A scorpion (D:4)
  A wight (D:7)
  An orc priest (D:3)
  5 adders
  A river rat (Sewer)
  6 worms
  4 dart slugs
  3 orcs (D:3)
  8 endoplasms
  3 giant cockroaches
  7 goblins
  3 hobgoblins
  9 quokkas
  10 ball pythons
  7 bats
  8 kobolds
  9 rats
93 creatures vanquished.

Notes
Turn   | Place    | Note
-------+----------+-------------------------------------------
     0 | D:1      | Sabo the Demonspawn Monk began the quest for the Orb.
     0 | D:1      | Reached XP level 1. HP: 18/18 MP: 1/1
   190 | D:1      | Gained mutation: You are partially covered in razor-sharp
                  | scales. (AC +1, Slay +1) [demonic ancestry]
   190 | D:1      | Reached XP level 2. HP: 22/24 MP: 2/2
   797 | D:2      | Reached XP level 3. HP: 29/29 MP: 3/3
  1279 | D:2      | Found a faded altar of an unknown god.
  1279 | D:2      | Noticed Sigmund
  1299 | D:2      | Killed Sigmund
  1300 | D:2      | Reached skill level 1 in Armour
  1300 | D:2      | Gained mutation: You are partially covered in sharp spines.
                  | [demonic ancestry]
  1300 | D:2      | Reached XP level 4. HP: 20/37 MP: 4/4
  1300 | D:2      | Gained mutation: You are mostly covered in razor-sharp
                  | scales. (AC +2, Slay +2) [demonic ancestry]
  1300 | D:2      | Reached XP level 5. HP: 23/42 MP: 5/5
  1412 | D:2      | Reached skill level 1 in Stealth
  1420 | D:2      | Found a sparkling altar of Nemelex Xobeh.
  2059 | D:3      | Found a glowing drain.
  2079 | Sewer    | Entered a sewer
  2122 | Sewer    | Reached skill level 1 in Short Blades
  2122 | Sewer    | Reached XP level 6. HP: 41/48 MP: 6/6
  2904 | Sewer    | Gained mutation: You have sharp fingernails. [demonic
                  | ancestry]
  2904 | Sewer    | Reached XP level 7. HP: 54/54 MP: 7/7
  4220 | D:4      | Found a blossoming altar of Fedhas.
  4844 | D:5      | Entered Level 5 of the Dungeon
  4888 | D:5      | You fall into a shaft and drop 3 floors!
  5039 | D:7      | Found a broken altar of Ashenzari.
  5170 | D:7      | HP: 1/49 [wight/+4 battleaxe of freezing (4)]
  5170 | D:7      | Slain by a wight

Illustrated notes

Levels and vault maps discovered:
D:1:      spicycebolla_arrival_transporter_tutorial, layout_basic
D:2:      layout_loops_ring, basic_altar, shapermc_ecumenical_altar_notcrosses,
          uniq_sigmund
D:3:      mumra_celtic_spiral_tile, layout_loops_ring, portal_sewer_entry_f,
          minmay_misc_feat_room
D:4:      layout_basic, marbit_many_paths
D:5:      layout_basic, zin_academy, abandoned_shop
D:7:      nicolae_BIG_FREAKIN_CUBE, layout_basic, evilmike_ruin_ashenzari,
          mainiacjoe_overflow_catwalk, serial_co_window_serial,
          co_window_corner_a, co_window_of_opportunity_a, co_window_corner_a,
          co_window_paths_a, co_window_paths_b, co_window_corner_a,
          co_window_paths_a, co_window_broadway_a, co_window_corner_b,
          co_window_corner_b, co_window_of_opportunity_b
D:8:      layout_rooms, lemuel_round_altar, serial_bayou_ford_a

Skill      XL: |  1  2  3  4  5  6  7 |
---------------+----------------------+-----
Axes           | 3 4 |  4.9
Dodging        | 3 |  3.4
Armour         | 1 2 3 |  3.3
Stealth        | 1 |  1.1
Fighting       | 4 |  4.5
Short Blades   | 1 2 3 |  3.4

Action                     |  1- 3 |  4- 6 |  7- 9 || total
---------------------------+-------+-------+-------++-------
  Melee: Hand axe          |    65 |       |       ||    65
         Short sword       |    10 |   107 |    20 ||   137
         War axe           |       |       |    22 ||    22
    Use: Scroll            |       |       |     7 ||     7
 Armour: Robe              |    21 |       |       ||    21
         Chain mail        |    11 |    44 |    22 ||    77
  Dodge: Dodged            |    56 |    26 |    17 ||    99
